 Dungeon Crawl Stone Soup version 0.19-a0 (webtiles) character file.

16 Loki the Grave Robber (level 2, -3/17 HPs)
             Began as an Octopode Necromancer on Apr 27, 2016.
             Killed from afar by Crazy Yiuf (6 damage)
             ... with a wand of flame
             ... on level 2 of the Dungeon.
             The game lasted 00:03:13 (297 turns).

Loki the Grave Robber (Octopode Necromancer)         Turns: 297, Time: 00:03:14

Health: -3/17      AC:  1    Str:  7    XL:     2   Next: 54%
Magic:  3/5        EV: 12    Int: 17    God:
Gold:   49         SH:  0    Dex: 12    Spells: 1 memorised, 4 levels left

rFire  . . .     SeeInvis .       - Unarmed
rCold  . . .     Gourm    .     (no shield)
rNeg   . . .     Faith    .     (helmet restricted)
rPois  .         Spirit   .     (no amulet)
rElec  .         Dismiss  .     (no ring)
rCorr  .         Reflect  .     (no ring)
SustAt .         Harm     .     (no ring)
MR     .....                    (no ring)
Stlth  +++.......               (no ring)
                                (no ring)
                                (no ring)
                                (no ring)

@: not resistant to hostile enchantments, fairly stealthy
A: almost no armour, amphibious, 8 rings, constrict 8, camouflage 1, gelatinous
body 1
a: no special abilities


You were on level 2 of the Dungeon.
You were not hungry.

You visited 1 branch of the dungeon, and saw 5 of its levels.

You collected 49 gold pieces.

Inventory:

Scrolls
 c - 3 scrolls of recharging {unknown}
 d - 2 scrolls of remove curse {unknown}
 e - a scroll of random uselessness {unknown}
 g - a scroll of enchant weapon {unknown}
 i - a scroll of immolation {unknown}
Books
 a - a book of Necromancy

   Spells                             Type                      Level
   a - Pain                           Necromancy                   1
   b - Animate Skeleton               Necromancy                   1
   c - Vampiric Draining              Necromancy                   3
   d - Regeneration                   Charms/Necromancy            3
   e - Animate Dead                   Necromancy                   4
   f - Control Undead                 Necromancy                   4
Comestibles
 b - a bread ration
 f - 2 meat rations
 h - 4 chunks of flesh


   Skills:
 + Level 2.3 Dodging
 - Level 2.6 Stealth
 * Level 1.7 Unarmed Combat
 - Level 2.0 Spellcasting
 - Level 4.0 Necromancy


You had 4 spell levels left.
You knew the following spells:

 Your Spells              Type           Power        Failure   Level  Hunger
a - Pain                  Necr           ###.         3%          1    #......


Dungeon Overview and Level Annotations

Branches:
Dungeon (5/15)
 Temple: D:4-7

Altars:

Annotations:
D:2 Crazy Yiuf


Innate Abilities, Weirdness & Mutations

You cannot wear most types of armour.
You are amphibious.
You can wear up to eight rings at the same time.
You can use your tentacles to constrict eight enemies at once.
Your skin changes colour to match your surroundings (Stealth).
Your rubbery body absorbs attacks (AC +1).


Message History

There is an open door here.
The helpless Crazy Yiuf fails to defend himself.
You tentacle-slap Crazy Yiuf. You grab Crazy Yiuf.
Crazy Yiuf is lightly wounded.
You constrict Crazy Yiuf.
You tentacle-slap Crazy Yiuf but do no damage.
Crazy Yiuf is lightly wounded.
You constrict Crazy Yiuf, but do no damage.
Crazy Yiuf completely misses you.
You completely miss Crazy Yiuf.
Crazy Yiuf is lightly wounded.
You constrict Crazy Yiuf.
Crazy Yiuf hits you with a quarterstaff of chaos.
* * * LOW HITPOINT WARNING * * *
You feel your power leaking away.
You tentacle-slap Crazy Yiuf but do no damage.
You squeeze Crazy Yiuf!
Crazy Yiuf is severely wounded.
You constrict Crazy Yiuf.
Crazy Yiuf zaps a wand.
The puff of flame hits you!
You die...

#.##.# #.##.#
#.##.# #.##.#
#.##.# ....
#.##.##♣♣♣♣♣ (..
#.#..'...♣.♣♣♣#####
##..
#.#.......♣..♣#...#
....
#.#....♣.♣♣♣♣.'.@g#
#.#.# # #.##.+..♣♣
♣♣#..)#
####.#.####.
#.#####♣♣ #####
#.>..#...... #.#
##.......# #.#
#....##..#### #.#
## #...(........
#.#######
##..###..[.........
#.......## .
..##....#...###.
.........#
#..............##.


You could see Crazy Yiuf.

Vanquished Creatures
  An adder (D:2)
  A goblin (D:1)
  3 hobgoblins
  A bat (D:1)
  A giant newt (D:3)
7 creatures vanquished.

Notes
Turn   | Place    | Note
--------------------------------------------------------------
     0 | D:1      | Loki the Octopode Necromancer began the quest for the Orb.
     0 | D:1      | Reached XP level 1. HP: 11/11 MP: 3/3
    95 | D:2      | Reached skill level 1 in Unarmed Combat
    95 | D:2      | Reached XP level 2. HP: 13/17 MP: 5/5
   185 | D:5      | Entered Level 5 of the Dungeon
   290 | D:2      | Noticed Crazy Yiuf
   297 | D:2      | Killed from afar by Crazy Yiuf

Vault maps used:
D:1:      minmay_arrival_up_and_down, minmay_misc_feat_tower,
          roderic_serpentine_path, minmay_misc_feat_rows,
          hangedman_feature_mirror, minmay_misc_feat_pillars, st_stairs_12,
          supply_closet_lemuel, okawaru_ov_weapons_minmay
D:2:      serial_aquarium, aquarium_bridge_straight, aquarium_window_1,
          aquarium_window_corridor_1, aquarium_window_fake, aquarium_view_2c,
          aquarium_view_2c, aquarium_balcony_3a, uniq_sigmund,
          uniq_crazy_yiuf_cottage, uniq_jessica
D:3:      grunt_qazlal_clouds
D:4:      first_bread
D:5:      minmay_temple_entry_from_below_b,
          hangedman_abyss_or_decor_lesser_grid, serial_bayou_pond_d

Skill      XL: |  1 |
---------------+----+-----
Unarmed Combat | 1 |  1.7
Dodging        | |  2.3
Stealth        | |  2.6
Spellcasting   | |  2.0
Necromancy     | |  4.0

Action                   || total
-------------------------++-------
Melee: Unarmed           ||    23
       Constrict         ||     8
       Tentacles         ||     5
 Stab: Sleeping          ||     2
Dodge: Dodged            ||     9
